 Dungeon Crawl Stone Soup version 0.30-a0-465-g8901f6c8b5 (webtiles) character file.

Game seed: 9834863162257693440

151 purpskrrrp the Slasher (level 5, -5/42 HPs)
             Began as a Merfolk Monk on Dec 17, 2022.
             Was a Priest of Qazlal.
             Killed from afar by Blork the orc (8 damage)
             ... with a puff of frost
             ... on level 5 of the Dungeon.
             The game lasted 00:04:51 (1955 turns).

purpskrrrp the Slasher (Merfolk Monk)               Turns: 1955, Time: 00:04:51

Health: -5/42      AC:  4    Str: 11    XL:     5   Next: 33%
Magic:  6/6        EV: 14    Int:  9    God:    Qazlal [***...]
Gold:   74         SH:  0    Dex: 19    Spells: 4/4 levels left

rFire   . . .      SeeInvis .    a - +0 falchion
rCold   . . .      Faith    .    (no shield)
rNeg    . . .      Spirit   .    j - +0 leather armour
rPois   .          Reflect  .    (no helmet)
rElec   .          Harm     .    (no cloak)
rCorr   .          Rampage  .    k - +0 pair of gloves
Will    .....                    (no boots)
Stlth   +.........               (no amulet)
HPRegen 0.27/turn                (no ring)
MPRegen 0.10/turn                (no ring)

@: confused, ambrosia-drunk
A: (nimble swimmer 2), mertail
a: Renounce Religion, Upheaval, Elemental Force


You were on level 5 of the Dungeon.
You worshipped Qazlal.
Qazlal was most pleased with you.
You visited 1 branch of the dungeon, and saw 5 of its levels.

You collected 74 gold pieces.

Inventory:

Hand Weapons
 a - a +0 falchion (weapon)
 l - a +4 whip of holy wrath
Armour
 b - a +0 robe
 j - a +0 leather armour (worn)
 k - a +0 pair of gloves (worn)
Scrolls
 d - a scroll of teleportation
 m - a scroll of butterflies {unknown}
 n - a scroll of poison {unknown}
 p - a scroll of identify {unknown}
Potions
 e - 2 potions of curing {unknown}
 f - 2 potions of resistance {unknown}
 g - a potion of brilliance {unknown}
 h - a potion of berserk rage {unknown}
 i - a potion of invisibility {unknown}
 o - a potion of mutation {unknown}


   Skills:
 + Level 4.1 Fighting
 * Level 5.3 Long Blades
 + Level 4.9 Dodging
 - Level 2.5 Stealth
 + Level 1.6 Invocations


You had 4 spell levels left.
You didn't know any spells.
Your spell library contained the following spells:

 Spells                   Type           Power      Damage    Failure   Level
 Gell's Gravitas          Tloc           0%         N/A       85%         3
 Teleport Other           Tloc           0%         N/A       85%         3
 Dispersal                Tloc           0%         N/A       100%        6


Dungeon Overview and Level Annotations

Branches:
Dungeon (6/15)             Temple (0/1) D:6

Altars:
Qazlal
Vehumet

Annotations:
D:2 1 runed translucent door, Crazy Yiuf
D:5 Blork the orc


Innate Abilities, Weirdness & Mutations

((You are very nimble when in or above water. (Stealth+, EV+, Speed+++)))
Your lower body shifts to a powerful aquatic tail in water.


Message History

You hit the phantom.
The phantom is severely damaged.
The phantom barely misses you.
Blork the orc gestures at you while chanting.
The puff of frost misses you.
The puff of frost hits the phantom.
The phantom resists.
You hit the phantom.
The phantom is almost destroyed.
The hound bites you but does no damage. The phantom barely misses you.
Blork the orc gestures at you while chanting.
The magic dart hits you!
You hit the phantom but do no damage.
The phantom is almost destroyed.
You block the hound's attack. You block the phantom's attack.
Blork the orc completely misses you.
You closely miss the phantom.
The phantom is almost destroyed.
The hound bites you. The hound bites you but does no damage.
The phantom closely misses you.
Blork the orc hits you with a +0 battleaxe!
* * * LOW HITPOINT WARNING * * *
You are confused.
You feel invigorated. The hound barely misses you.
The phantom hits you but does no damage.
Blork the orc is engulfed in freezing vapours.
Blork the orc hits you with a +0 battleaxe.
* * * LOW HITPOINT WARNING * * *
You are too confused!
You closely miss the phantom.
The phantom is almost destroyed.
The hound barely misses you. The hound bites you.
* * * LOW HITPOINT WARNING * * *
The phantom hits you.
* * * LOW HITPOINT WARNING * * *
The phantom blinks!
You blink.
Blork the orc is engulfed in freezing vapours.
Blork the orc screams, "I'm going to kill you!"
Blork the orc points at you and mumbles some strange words.
The puff of frost hits you!
You die...

#### .## ... .. .. .#
#.#.# #...# # # #.># #
# #.#.#..##.#
.#.##.#.......# #
......###.@#### .# #
.........oW######.#.#
.........§h.........#.
.........§............
..................#
###################


You could see Blork the orc, a phantom and a hound.

Vanquished Creatures
  A hound (D:6)
  An orc wizard (D:6)
  4 adders (D:2)
  A worm (D:2)
  3 dart slugs
  5 orcs
  7 ball pythons
  6 bats
  5 endoplasms
  2 giant cockroaches
  A goblin (D:2)
  3 hobgoblins
  A quokka (D:1)
  2 frilled lizards (D:1)
  4 kobolds
  4 rats
50 creatures vanquished.

Notes
Turn   | Place    | Note
-------+----------+-------------------------------------------
     0 | D:1      | purpskrrrp the Merfolk Monk began the quest for the Orb.
     0 | D:1      | Reached XP level 1. HP: 18/18 MP: 1/1
   160 | D:1      | Reached XP level 2. HP: 22/24 MP: 2/2
   170 | D:1      | Reached skill level 4 in Long Blades
   233 | D:1      | Found a faded altar of an unknown god.
   330 | D:1      | Prayed at the altar of an unknown god.
   330 | D:1      | Became a worshipper of Qazlal Stormbringer
   330 | D:1      | Reached * piety under Qazlal
   330 | D:1      | Reached ** piety under Qazlal
   393 | D:1      | Reached XP level 3. HP: 29/29 MP: 3/3
   777 | D:2      | Reached *** piety under Qazlal
  1141 | D:2      | Found a runed translucent door.
  1142 | D:2      | Noticed Crazy Yiuf
  1210 | D:2      | Reached XP level 4. HP: 25/37 MP: 4/4
  1255 | D:2      | Reached skill level 1 in Invocations
  1784 | D:3      | You fall into a shaft and drop 3 floors!
  1788 | D:6      | Found a radiant altar of Vehumet.
  1803 | D:6      | Reached skill level 5 in Long Blades
  1803 | D:6      | Reached XP level 5. HP: 40/42 MP: 4/6
  1848 | D:6      | Found a staircase to the Ecumenical Temple.
  1941 | D:5      | Entered Level 5 of the Dungeon
  1941 | D:5      | Noticed a phantom
  1942 | D:5      | Noticed Blork the orc
  1955 | D:5      | Killed from afar by Blork the orc

Illustrated notes

Levels and vault maps discovered:
D:1:      lightli_molten_gateway, layout_rooms,
          hellmonk_ecumenical_altar_pennies_from_heaven, roderic_lattice_a
D:2:      layout_basic, uniq_crazy_yiuf_cottage
D:3:      layout_basic, hangedman_abyss_or_decor_lesser_grid
D:5:      layout_loops_ring, mainiacjoe_overflow_divided_tiny,
          minmay_fire_ice_demons, uniq_edmund, uniq_blork_the_orc, uniq_pikel
D:6:      hellmonk_crumbling_castle, layout_basic, okawaru_trees_2,
          chequers_temple_overflow_statue_of_worship, nicolae_vehumet_radiance,
          mainiacjoe_overflow_concentric_impassable, lemuel_crystal_altar,
          minmay_temple_entry_butterflies, grunt_ministairs_5,
          minmay_shop_damaged, bh_walls_and_bars

Skill      XL: |  1  2  3  4 |
---------------+-------------+-----
Long Blades    | 4 5 |  5.3
Invocations    | 1 |  1.6
Fighting       | 4 |  4.1
Dodging        | |  4.9
Stealth        | |  2.5

Action                   |  1- 3 |  4- 6 || total
-------------------------+-------+-------++-------
Melee: Falchion          |   100 |    97 ||   197
       Punch             |     2 |       ||     2
  Use: Scroll            |     3 |     1 ||     4
       Potion            |       |     2 ||     2
 Stab: Sleeping          |     4 |       ||     4
Armor: Robe              |     6 |    11 ||    17
       Leather armour    |       |    12 ||    12
Dodge: Dodged            |    68 |    93 ||   161
Block: Other             |    12 |    22 ||    34

Table legend: (Time is in decaauts)
 A = Elapsed time spent in this place.
 B = Non-inter-level travel time spent in this place.
 C = Inter-level travel time spent in this place.
 D = Time resting spent in this place.
 E = Time spent auto-exploring this place.
 F = Levels seen in this place.
 G = Mean time per level.
                   A        B        C        D        E       F      G
               +--------+--------+--------+--------+--------+-----+--------+
         Total |   1967 |   1878 |     89 |    125 |   1315 |   5 |  393.4 |
       Dungeon |   1967 |   1878 |     89 |    125 |   1315 |   5 |  393.4 |
               +--------+--------+--------+--------+--------+-----+--------+

Top non-repeatable levels by time:
     D:2: 926 daAuts
     D:1: 776 daAuts
     D:6: 158 daAuts
     D:3: 91 daAuts
     D:5: 13 daAuts
